 Dungeon Crawl Stone Soup version 0.21-a0-529-g8c7b3f5 (webtiles) character file.

23 Ketzopolo the Skirmisher (level 2, 18/20 HPs)
             Began as a Gargoyle Fighter on Dec 10, 2017.
             Quit the game on level 2 of the Dungeon.
             The game lasted 00:02:38 (782 turns).

Ketzopolo the Skirmisher (Gargoyle Fighter)          Turns: 782, Time: 00:02:39

Health: 18/20      AC:  9    Str: 19    XL:     2   Next: 95%
Magic:  2/2        EV:  6    Int:  8    God:
Gold:   0          SH:  8    Dex:  9    Spells: 1/1 levels left

rFire    + . .     SeeInvis .   a - +0 flail
rCold    . . .     Gourm    .   c - +0 shield
rNeg     + . .     Faith    .   b - +0 scale mail
rPois    ∞         Spirit   .   (no helmet)
rElec    +         Reflect  .   (no cloak)
rCorr    .         Harm     .   (no gloves)
MR       .....                  (no boots)
Stlth    ..........             (no amulet)
HPRegen  0.06/turn              e - ring of protection from fire
MPRegen  0.08/turn              (no ring)

@: heavily drained
A: negative energy resistance 1, electricity resistance, unbreathing,
petrification resistance, rot immunity, AC +2
a: no special abilities


You were on level 2 of the Dungeon.
You were not hungry.

You visited 1 branch of the dungeon, and saw 2 of its levels.

Inventory:

Hand Weapons
 a - a +0 flail (weapon)
Armour
 b - a +0 scale mail (worn)
 c - a +0 shield (worn)
Jewellery
 e - a ring of protection from fire (left hand)
Scrolls
 g - 2 scrolls of enchant armour {unknown}
Potions
 d - a potion of might
Comestibles
 f - a bread ration
 h - a meat ration
 j - 3 fruits


   Skills:
 + Level 3.7(2.0) Fighting
 * Level 3.0(1.3) Maces & Flails
 - Level 3.2(1.6) Armour
 - Level 3.2(1.6) Shields


You had one spell level left.
You didn't know any spells.

Dungeon Overview and Level Annotations

Branches:
Dungeon (2/15)

Altars:


Innate Abilities, Weirdness & Mutations

You are resistant to torment.
Your stone body is resilient. (AC +2)
You are immune to poison.
You resist negative energy. (rN+)
You are resistant to electric shocks. (rElec)
You can survive without breathing.
You are immune to petrification.
You are immune to rotting.


Message History

Your Maces & Flails skill increases to level 3!
No target in view!
You see here a chain mail.
There is a stone staircase leading up here.
You climb upwards.
There is a stone staircase leading down here.
Put on which piece of jewellery? (? for menu, Esc to quit)
e - a ring of protection from fire (left hand) Put on which piece of jewellery? (? for menu, Esc to quit)
i - an amulet of harm (around neck) Drop what? 10/52 slots (_ for help) (? for menu, Esc to quit)
Really remove
i - an amulet of harm?
You remove your amulet of harm.
The amulet drains your life force as you remove it!
You feel drained.
You drop an uncursed amulet of harm.
You climb downwards.
There is a stone staircase leading up here.
A rat comes into view.
Are you sure you want to abandon this character and quit the game? (Confirm with "yes".)

#########.
........
#.....#
#.....##
##.†....#..
#..........
#.[.....#..
##<......#
#@..####.#
#..#...# ..
...#...# ..
........# .
.#.#.......
#...##....#..
#..# r...#..
.. ....#


You could see a rat.

Vanquished Creatures
  An adder (D:2)
  A leopard gecko (D:1)
  A giant cockroach (D:1)
  2 goblins (D:1)
  2 hobgoblins (D:1)
  3 jackals (D:1)
  A rat (D:1)
11 creatures vanquished.

Notes
Turn   | Place    | Note
-------+----------+-------------------------------------------
     0 | D:1      | Ketzopolo the Gargoyle Fighter began the quest for the Orb.
     0 | D:1      | Reached XP level 1. HP: 14/14 MP: 1/1
   321 | D:1      | Reached XP level 2. HP: 19/19 MP: 2/2
   782 | D:2      | Quit the game

Vault maps used:
D:1:      kennysheep_arrival_seaside
D:2:      chequers_ecumenical_altar_island, grunt_dithmenos_smoke_and_mirrors

Skill      XL: |  1  2 |
---------------+-------+-----
Maces & Flails | 3 |  3.0
Fighting       | |  3.7
Armour         | |  3.2
Shields        | |  3.2

Action                   || total
-------------------------++-------
Melee: Flail             ||    41
Armor: Scale mail        ||    18
Dodge: Dodged            ||    15
Block: Shield            ||    23

Table legend:
 A = Spawn XP
 B = Non-spawn XP
 C = Spawn XP percentage of total XP
 D = Spawn monster count
 E = Non-spawn monster count
 F = Spawn count percentage of total count
 G = Total turns spent on level
                    A         B        C        D         E        F      G
               +---------+---------+-------+---------+---------+-------+---------
         Total |       0 |      33 |   0.0 |       0 |      11 |   0.0 |   782
               +---------+---------+-------+---------+---------+-------+---------
           D:1 |       0 |      20 |   0.0 |       0 |      10 |   0.0 |   769
           D:2 |       0 |      13 |   0.0 |       0 |       1 |   0.0 |    13
               +---------+---------+-------+---------+---------+-------+---------
